 Dungeon Crawl Stone Soup version 0.31-a0-1074-g0b22e4e0f1 (webtiles) character file.

Game seed: 15016654303605005880

211745 octoduck the Warrior (level 18, -3/178 HPs)
             Began as a Minotaur Fighter on Nov 28, 2023.
             Was the Champion of Makhleb.
             Hit by a large rock thrown by a stone giant (34 damage)
             ... on level 2 of the Depths on Nov 29, 2023.
             The game lasted 02:23:39 (40061 turns).

octoduck the Warrior (Minotaur Fighter)            Turns: 40061, Time: 02:23:40

Health: -3/178     AC: 24    Str: 28    XL:     18   Next: 60%
Magic:  12/12      EV: 16    Int:  5    God:    Makhleb [******]
Gold:   2766       SH: 22    Dex: 11    Spells: 17/17 levels left

rFire   x . .        e - +5 demon whip "Spellbinder" {antimagic, disrupt, Will+}
rCold   + . .        s - +0 tower shield
rNeg    . . .        U - +4 plate armour "Fanaagg" {MP+9 Slay+3}
rPois   .            (helmet restricted)
rElec   .            R - scarf {repulsion}
rCorr   .            y - +0 pair of gloves
SInv    .            (no boots)
Will    ++...        p - amulet of reflection Stlth
                     S - +5 ring of evasion
HPRegen 0.49/turn    K - ring of ice
MPRegen 0.13/turn

%: repel missiles, reflection
@: no status effects
A: horns 2, retaliatory headbutt
a: Renounce Religion, Minor Destruction, Lesser Servant of Makhleb, Major
Destruction, Greater Servant of Makhleb


You were on level 2 of the Depths.
You worshipped Makhleb.
Makhleb was exalted by your worship.
You visited 5 branches of the dungeon, and saw 28 of its levels.
You also visited: Gauntlet, Ice Cave and Volcano.

You collected 2938 gold pieces.
You spent 172 gold pieces at shops.

Inventory:

Hand Weapons
 e - the +5 demon whip "Spellbinder" (weapon) {antimagic, disrupt, Will+}
   (You acquired it on level 1 of the Dungeon)

   Will+:     It increases your willpower.
Missiles
 m - 3 curare-tipped darts
 D - 6 javelins
 O - 5 throwing nets
 V - 7 silver javelins
Armour
 s - a +0 tower shield (worn)
 y - a +0 pair of gloves (worn)
 R - a scarf of repulsion (worn)
 U - the +4 plate armour "Fanaagg" (worn) {MP+9 Slay+3}
   (You found it in a Gauntlet)

   Slay+3:    It affects your accuracy & damage with ranged weapons and melee
   (+3).
   MP+9:      It affects your magic capacity (+9).
 W - a +2 plate armour of poison resistance
 X - a +1 chain mail of fire resistance
Jewellery
 a - a ring of protection from fire
 p - an amulet of reflection (around neck)
 E - a ring of positive energy
 J - the necklace of Bloodlust {Fury *Rage Will++ Int-3 Slay+6}
   (You found it on level 9 of the Dungeon)

   [amulet of nothing]

   Fury:      It extends the wearer's berserk rage when killing foes.
   Int-3:     It affects your intelligence (-3).
   Slay+6:    It affects your accuracy & damage with ranged weapons and melee
   (+6).
   Will++:    It greatly increases your willpower.
   *Rage:     It berserks you when you make melee attacks (+50% chance).
 K - a ring of ice (right hand)
 M - a ring of flight
 S - a +5 ring of evasion (left hand)
Wands
 b - a wand of flame (37)
 q - a wand of quicksilver (8)
 B - a wand of digging (8)
 I - a wand of paralysis (1)
 P - a wand of roots (9)
 Q - a wand of mindburst (8)
Scrolls
 c - 3 scrolls of revelation
 j - 10 scrolls of teleportation
 k - a scroll of poison
 r - 4 scrolls of blinking
 u - 7 scrolls of enchant weapon
 x - 4 scrolls of fear
 z - 3 scrolls of butterflies
 A - 2 scrolls of vulnerability
 C - 3 scrolls of immolation
 L - a scroll of enchant armour
 N - 9 scrolls of fog
 Z - a scroll of amnesia
Potions
 d - 3 potions of might
 f - 2 potions of ambrosia
 g - 9 potions of brilliance
 h - 4 potions of invisibility
 i - 6 potions of heal wounds
 l - 2 potions of resistance
 n - 8 potions of curing
 o - 2 potions of enlightenment
 w - 7 potions of magic
 G - a potion of berserk rage
 H - a potion of haste
 T - a potion of cancellation
Miscellaneous
 v - a tin of tremorstones (2/2)


   Skills:
 - Level 19.9 Fighting
 - Level 4.2(8.7) Axes
 - Level 11.8(12.1) Maces & Flails
 - Level 18.8 Armour
 - Level 11.2 Dodging
 + Level 14.5 Shields
 - Level 14.6 Invocations
 - Level 11.2 Evocations


You had 17 spell levels left.
You didn't know any spells.
Your spell library contained the following spells:

 Spells                   Type           Power      Damage    Failure   Level
 Apportation              Tloc           0%         N/A       99%         1
 Foxfire                  Conj/Fire      0%         2x1d4     99%         1
 Kiss of Death            Conj/Necr      0%         2d5       99%         1
 Magic Dart               Conj           0%         1d3       99%         1
 Necrotise                Necr           0%         1d4       99%         1
 Sandblast                Erth           0%         2d4       99%         1
 Slow                     Hex            0%         N/A       99%         1
 Summon Small Mammal      Summ           0%         N/A       99%         1
 Jinxbite                 Hex            0%         N/A       100%        2
 Passwall                 Tmut/Erth      0%         N/A       100%        2
 Searing Ray              Conj           0%         2d4       100%        2
 Call Canine Familiar     Summ           0%         N/A       100%        3
 Confusing Touch          Hex            0%         N/A       100%        3
 Gell's Gravitas          Tloc           0%         N/A       100%        3
 Hailstorm                Conj/Ice       0%         3d3       100%        3
 Ozocubu's Armour         Ice            0%         N/A       100%        3
 Sigil of Binding         Hex            0%         N/A       100%        3
 Stone Arrow              Conj/Erth      0%         3d7       100%        3
 Summon Guardian Golem    Hex/Summ       0%         N/A       100%        3
 Teleport Other           Tloc           0%         N/A       100%        3
 Vampiric Draining        Necr           0%         2d6       100%        3
 Brom's Barrelling Bould  Conj/Erth      0%         2d3       100%        4
 Dispel Undead            Necr           0%         3d6       100%        4
 Fulminant Prism          Conj/Hex       0%         3d5       100%        4
 Manifold Assault         Tloc           0%         N/A       100%        4
 Olgreb's Toxic Radiance  Pois           0%         N/A       100%        4
 Summon Ice Beast         Ice/Summ       0%         N/A       100%        4
 Alistair's Intoxication  Tmut/Pois      0%         N/A       100%        5
 Borgnjor's Vile Clutch   Necr/Erth      0%         N/A       100%        5
 Dispersal                Tloc           0%         N/A       100%        6
 Eringya's Noxious Bog    Tmut/Pois      0%         4d6       100%        6
 Plasma Beam              Fire/Air       0%         2x1d10    100%        6
 Simulacrum               Ice/Necr       0%         N/A       100%        6
 Starburst                Conj/Fire      0%         6d3       100%        6
 Orb of Destruction       Conj           0%         9d5       100%        7
 Ozocubu's Refrigeration  Ice            0%         4d7       100%        7
 Spellforged Servitor     Conj/Summ      0%         N/A       100%        7
 Discord                  Hex            0%         N/A       100%        8
 Disjunction              Tloc           0%         N/A       100%        8
 Ignition                 Fire           0%         3d3       100%        8


Dungeon Overview and Level Annotations

Branches:
Dungeon (15/15)            Temple (0/1) D:6            Lair (5/5) D:9
  Swamp (4/4) Lair:3        Snake (0/4) Lair:2        Slime (0/5) Lair:5
    Orc (2/2) D:9             Elf (0/3) Orc:2        Vaults (0/5) D:13
 Depths (2/4) D:15          IceCv (visited)         Volcano (visited)
Gauntlet (visited)

Altars:
Ashenzari
Elyvilon
Fedhas
Gozag
Hepliaklqana
Makhleb
Sif Muna
Trog
Vehumet
Zin
The Shining One
Jiyva

Shops:
D:10 *   Orc:2 :(?!

Portals:
Hell: Depths:1
Abyss: Depths:2
Pandemonium: Orc:2
Trove: D:15 (give +2 gold dragon scales)

Annotations:
Swamp:4 2 exclusions, Mlioglotl


Innate Abilities, Weirdness & Mutations

You have a pair of horns on your head.
You reflexively headbutt those who attack you in melee.


Message History

The vampire knight casts a spell at you.
You resist with almost no effort. The ice dragon breathes frost at you.
The blast of cold hits you!!
You hear a shout!
You block the ice dragon's attack.
The ice dragon claws you but does no damage.
You block the ice dragon's attack. You block the rakshasa's attack.
There is an open door, spattered with blood here.
Things that are here:
+0 storm dragon scales; a storm dragon corpse The ice dragon breathes frost at you.
The blast of cold hits you!!!
The rakshasa weaves an illusion.
The ice dragon shimmers and seems to become two!
You block the rakshasa's attack.
There is an open door here.
The ice dragon attacks as it pursues you!
You block the ice dragon's attack. The ice dragon completely misses you.
You block the ice dragon's attack.
The rakshasa weaves an illusion.
A frost giant comes into view.
It is wielding a +2 battleaxe of freezing.
As you read the scroll of teleportation, it crumbles to dust.
You feel strangely unstable. The ice dragon breathes frost at you.
The blast of cold hits you!!!
* * * LOW HITPOINT WARNING * * *
You're wearing all the rings you can.
Remove which one? (? for menu, Esc to cancel) < or
S - a +5 ring of evasion; > or
a - a ring of protection from fire You remove your ring of protection from fire.
You feel more attuned to ice.
K - a ring of ice (right hand)
Your surroundings suddenly seem different.
A glowing orange brain, 2 stone giants, a tengu conjurer and a tengu warrior come into view.
The stone giant shouts!
The glowing orange brain turns its attention towards you.
The tengu conjurer shouts!
The tengu warrior shouts!
The stone giant throws a large rock.
The large rock hits you!!
You die...

C. ####Q###
.#......#
.'.G....#
##......'
........##
.......Q.##
#....C.@..#
##........#
#........#
##'###..##
.. ##'# ..
.. . .. ...


You could see 2 stone giants, a tengu warrior, a glowing orange brain and a
tengu conjurer.

Vanquished Creatures
  Mara (Depths:1)
  Jorgrun (Swamp:3)
  Rupert (Lair:4)
  2 tentacled monstrosities
  A lich (Depths:1)
  Agnes (D:15)
  Kirke (Swamp:2)
  A thorn hunter (Swamp:4)
  Roxanne (Swamp:2)
  Aizul (Lair:3)
  A storm dragon (Depths:2)
  A fenstrider witch (Swamp:3)
  2 fire giants (Depths:1)
  A frost giant (Depths:1)
  Louise (D:14)
  A juggernaut zombie (Depths:1)
  3 stone giants (Depths:1)
  3 very ugly things
  A ghoul (Lair:3)
  5 eleionomae
  A minotaur (Gauntlet)
  10 bunyips
  4 spark wasps (Depths:2)
  Snorg (D:10)
  3 ettins
  4 fire dragons (Depths:1)
  A shambling mangrove (Swamp:3)
  2 ice dragons
  Harold (Orc:1)
  Fannar (D:10)
  20 hydras
  4 ghost crabs
  A spriggan skeleton (Depths:1)
  2 demonspawn (Orc:2)
  7 alligators
  A catoblepas (Lair:4)
  A spriggan air mage (Depths:1)
  6 centaur warriors
  4 boulder beetles
  2 ironbound frosthearts (IceCv)
  A tengu warrior (Depths:1)
  3 two-headed ogres
  3 spriggan berserkers (Depths:2)
  A vampire mage (Depths:2)
  16 death yaks
  An occultist (D:15)
  A thrashing horror (Gauntlet)
  3 deep troll shamans
  A hell knight (Volcano)
  A deep troll earth mage (Depths:1)
  17 spriggans
  8 orc high priests (Orc:2)
  A salamander mystic (Volcano)
  4 skeletal warriors
  Amaemon (Lair:2)
  4 skysharks
  A sixfirhy (Orc:2)
  4 goliath frogs
  3 iron trolls
  A glowing orange brain (D:15)
  10 deep trolls
  A flayed ghost (D:15)
  3 spriggan druids
  6 swamp dragons
  2 arcanists
  A tengu zombie (Depths:1)
  6 orc knights
  A necromancer (D:15)
  21 bog bodies
  A lindwurm (Lair:2)
  4 deep elf pyromancers
  A mana viper (shapeshifter) (D:15)
  23 ugly things
  5 orc sorcerers
  5 cyclopes
  5 will-o-the-wisps
  6 salamanders (Volcano)
  The ghost of Phlounder the Magician, a novice DjIE (D:5)
  The ghost of RandomusNamus the Insei, a novice OpSh of Gozag (D:5)
  10 elephants
  The ghost of quinnr the Zephyrmancer, a novice TeAE (D:5)
  4 manticores
  3 black mambas
  3 gargoyles
  2 torpor snails
  An ice statue (IceCv)
  An orange demon (Lair:2)
  21 cane toads
  2 unseen horrors
  5 rime drakes
  An efreet (D:13)
  A freezing wraith (D:15)
  10 komodo dragons
  A kobold demonologist (D:10)
  An ice devil (Orc:2)
  A tarantella (shapeshifter) (D:12)
  8 trolls
  11 polar bears
  15 hornets
  12 blink frogs
  4 tyrant leeches
  13 dream sheep
  A raiju (shapeshifter) (D:15)
  15 slime creatures
  4 wyverns
  2 water elementals (Depths:1)
  4 hogs (Swamp:2)
  2 wraiths (D:11)
  58 yaks
  3 basilisks
  11 vampire mosquitoes
  5 wargs
  The ghost of Crabhammer the Insei, an amateur OpSh (D:5)
  3 nagas (Lair:2)
  3 acid dragons
  16 swamp worms
  13 water moccasins
  A human skeleton (Depths:1)
  28 orc warriors
  6 swamp drakes
  3 black bears
  17 centaurs
  7 ogres
  21 wolves
  A phantom (D:4)
  A kobold brigand (D:7)
  4 gnoll sergeants
  17 bullfrogs
  4 necrophages
  5 scorpions
  2 small abominations (Gauntlet)
  12 wights
  12 killer bees
  11 electric eels
  3 howler monkeys
  2 jellies
  25 orc priests
  9 hounds
  3 iguanas
  3 iron imps (D:3)
  21 orc wizards
  20 gnolls
  6 adders
  4 shadow imps
  13 white imps
  An ufetubus (D:5)
  2 worms
  A dart slug (D:2)
  88 orcs
  6 ball pythons
  5 endoplasms
  3 giant cockroaches
  7 goblins
  8 jackals
  23 kobolds
  5 quokkas (D:1)
  3 bats
  4 frilled lizards
  6 rats
979 creatures vanquished.

Vanquished Creatures (collateral kills)
  A spark wasp (Depths:1)
  A hydra (Swamp:3)
  A swamp dragon (Swamp:4)
  A moth of wrath (shapeshifter) (Depths:1)
  2 black mambas (Lair:5)
  2 cane toads (Lair:5)
  2 blink frogs (Lair:4)
  A tyrant leech (Swamp:3)
  2 hornets
  14 dream sheep
  A slime creature (D:12)
  A spriggan (Swamp:3)
  A yak (D:9)
  A swamp worm (Swamp:1)
  2 water moccasins
  A kobold brigand (D:9)
  An orc (D:9)
  3 kobolds (D:9)
38 creatures vanquished.

Vanquished Creatures (others)
  A frost giant (Depths:1)
  A deep troll earth mage (D:15)
  A goliath frog (Swamp:3)
  A deep elf pyromancer (D:13)
  A kobold demonologist (D:12)
  A bloated husk (Swamp:1)
  An orc priest (Orc:2)
  An orc wizard (D:9)
  An orc (Orc:2)
  20 foxfires
29 creatures vanquished.

Grand Total: 1046 creatures vanquished

Notes
Turn   | Place    | Note
-------+----------+-------------------------------------------
     0 | D:1      | octoduck the Minotaur Fighter began the quest for the Orb.
     0 | D:1      | Reached XP level 1. HP: 19/19 MP: 0/0
    25 | D:1      | You fall into a shaft and drop 1 floor!
   169 | D:2      | Reached XP level 2. HP: 26/26 MP: 1/1
   732 | D:1      | Reached XP level 3. HP: 33/33 MP: 2/2
   849 | D:1      | Identified a scroll of acquirement
   849 | D:1      | Acquired the +5 demon whip "Spellbinder" {antimagic,
                  | disrupt, Will+}
   849 | D:1      | Found the +5 demon whip "Spellbinder" {antimagic, disrupt,
                  | Will+}
  1104 | D:2      | Reached skill level 1 in Maces & Flails
  1793 | D:3      | Reached XP level 4. HP: 40/40 MP: 1/3
  1996 | D:3      | Found a burning altar of Makhleb.
  2028 | D:3      | Reached XP level 5. HP: 32/46 MP: 1/4
  2031 | D:3      | Reached skill level 5 in Maces & Flails
  2041 | D:3      | Became a worshipper of Makhleb the Destroyer
  2167 | D:3      | Found a faded altar of an unknown god.
  2559 | D:4      | Reached XP level 6. HP: 52/52 MP: 1/5
  2852 | D:4      | Found a glowing golden altar of the Shining One.
  2853 | D:4      | Found a white marble altar of Elyvilon.
  2854 | D:4      | Found a glowing silver altar of Zin.
  3651 | D:5      | Entered Level 5 of the Dungeon
  3660 | D:5      | Reached XP level 7. HP: 58/58 MP: 2/6
  3716 | D:5      | Reached * piety under Makhleb
  3805 | D:5      | Found a runed translucent gate.
  3811 | D:5      | Noticed a troll
  3970 | D:6      | Found a staircase to the Ecumenical Temple.
  4134 | D:6      | Reached skill level 4 in Fighting
  4134 | D:6      | Reached skill level 10 in Maces & Flails
  4188 | D:6      | Reached XP level 8. HP: 67/67 MP: 2/7
  4571 | D:7      | Reached skill level 5 in Fighting
  4706 | D:7      | Found a shimmering blue altar of Sif Muna.
  4769 | D:7      | Reached skill level 6 in Fighting
  5157 | D:8      | Found an opulent altar of Gozag.
  5194 | D:8      | Reached ** piety under Makhleb
  5310 | D:8      | Found a broken altar of Ashenzari.
  5448 | D:8      | Reached skill level 7 in Fighting
  5483 | D:8      | Reached XP level 9. HP: 59/79 MP: 2/8
  5672 | D:8      | Reached skill level 1 in Dodging
  5687 | D:8      | Found a bloodstained altar of Trog.
  5688 | D:8      | Found a blossoming altar of Fedhas.
  5959 | D:9      | Found a staircase to the Orcish Mines.
  5965 | D:9      | Reached skill level 8 in Fighting
  5965 | D:9      | Reached skill level 1 in Invocations
  6052 | D:9      | Noticed a troll
  6349 | D:8      | Reached skill level 9 in Fighting
  6468 | D:9      | Reached *** piety under Makhleb
  6622 | D:9      | Noticed a troll
  6705 | D:9      | Noticed a deep troll
  6716 | D:9      | Noticed a deep troll
  6886 | D:9      | Killed a troll
  6906 | D:9      | Reached XP level 10. HP: 91/91 MP: 4/12
  6909 | D:9      | Reached skill level 5 in Dodging
  7079 | D:9      | Reached skill level 5 in Invocations
  7086 | D:9      | Reached skill level 10 in Fighting
  7126 | D:9      | Found the necklace of Bloodlust {Fury *Rage Will++ Int-3
                  | Slay+6}
  7170 | D:9      | Noticed a deep troll
  7242 | D:10     | Entered Level 10 of the Dungeon
  7248 | D:10     | Found Eroumaegh's Neck Hole.
  7621 | D:10     | Noticed Snorg
  7657 | D:10     | Killed Snorg
  8036 | D:10     | Noticed a boulder beetle
  8266 | D:10     | Noticed Fannar
  8287 | D:10     | Killed Fannar
  8288 | D:10     | Reached skill level 11 in Fighting
  8577 | D:10     | Reached skill level 5 in Armour
  9016 | D:11     | Reached XP level 11. HP: 101/102 MP: 5/15
  9290 | D:11     | Noticed a two-headed ogre
  9300 | D:11     | Killed a two-headed ogre
  9357 | D:11     | Noticed a purple ugly thing
  9367 | D:11     | Killed a purple ugly thing
 10017 | D:11     | Reached skill level 12 in Fighting
 10197 | D:11     | Noticed a two-headed ogre
 10201 | D:11     | Killed a two-headed ogre
 10259 | D:11     | Reached XP level 12. HP: 112/112 MP: 5/16
 10282 | D:12     | Reached **** piety under Makhleb
 10847 | D:12     | Noticed a boulder beetle
 11050 | D:12     | Killed a boulder beetle
 11412 | D:12     | Reached skill level 13 in Fighting
 12289 | D:9      | Found a staircase to the Lair.
 12437 | D:9      | Reached XP level 13. HP: 82/122 MP: 6/18
 12832 | D:5      | Found a runed translucent gate.
 13037 | D:5      | Found a runed translucent gate.
 13091 | D:5      | Noticed Crabhammer's ghost (amateur OpSh)
 13091 | D:5      | Noticed RandomusNamus's ghost (novice OpSh)
 13092 | D:5      | Noticed Phlounder's ghost (novice DjIE)
 13092 | D:5      | Noticed quinnr's ghost (novice TeAE)
 13110 | D:5      | Killed Phlounder's ghost
 13113 | D:5      | Killed Crabhammer's ghost
 13116 | D:5      | Killed quinnr's ghost
 13119 | D:5      | Killed RandomusNamus's ghost
 13335 | Lair:1   | Entered Level 1 of the Lair of Beasts
 13833 | Lair:1   | Reached skill level 14 in Fighting
 13997 | Lair:1   | Reached skill level 10 in Invocations
 14141 | Lair:1   | Reached ***** piety under Makhleb
 14818 | Lair:2   | Found a staircase to the Snake Pit.
 14922 | Lair:2   | Found a dark tunnel.
 14931 | Volcano  | Entered a volcano
 14996 | Volcano  | Reached skill level 15 in Armour
 15055 | Volcano  | Found a burning altar of Makhleb.
 15820 | Lair:2   | You are sucked into a shaft and drop 1 floor!
 16077 | Lair:2   | Reached skill level 15 in Fighting
 16461 | Lair:2   | Noticed Amaemon
 16606 | Lair:2   | Killed Amaemon
 16861 | Lair:3   | Reached XP level 14. HP: 106/135 MP: 7/21
 17103 | Orc:1    | Entered Level 1 of the Orcish Mines
 17555 | Orc:2    | Entered Level 2 of the Orcish Mines
 17555 | Orc:2    | Found a gate leading to a gauntlet.
 17564 | Gauntlet | Entered a Gauntlet
 17564 | Gauntlet | Found a transporter.
 17564 | Gauntlet | Found a transporter.
 17614 | Gauntlet | Found a transporter.
 17614 | Gauntlet | Found a transporter.
 17624 | Gauntlet | Found a transporter.
 17626 | Gauntlet | Found a transporter.
 17638 | Gauntlet | Found a transporter.
 17656 | Gauntlet | Found a transporter.
 17671 | Gauntlet | Found a transporter.
 17674 | Gauntlet | Found a transporter.
 17682 | Gauntlet | Found a transporter.
 17685 | Gauntlet | Found a transporter.
 17859 | Gauntlet | Identified the +1 cloak of Awe {Will- Int+6}
 17864 | Gauntlet | Identified the +4 plate armour "Fanaagg" {MP+9 Slay+3}
 18351 | Orc:2    | Found a staircase to the Elven Halls.
 18523 | Orc:2    | Reached skill level 16 in Fighting
 18676 | Orc:1    | Noticed Harold
 18691 | Orc:1    | Killed Harold
 18947 | Orc:2    | Found Langeapt's Distillery.
 19088 | Orc:2    | Found Kuwkeso's Magic Scroll Shop.
 19196 | Orc:2    | Bought a scroll of identify for 30 gold pieces
 19196 | Orc:2    | Bought a scroll of identify for 30 gold pieces
 19792 | Orc:2    | Found Suewuqan's Book Emporium.
 19792 | Orc:2    | Found a one-way gate leading to the halls of Pandemonium.
 19792 | Orc:2    | Found Rutagemp's Antique Weapon Shoppe.
 20253 | Lair:3   | Reached ****** piety under Makhleb
 20473 | Lair:3   | Found a staircase to the Swamp.
 20496 | Lair:3   | Reached skill level 17 in Fighting
 20832 | Lair:4   | Found a frozen archway.
 20872 | IceCv    | Entered an ice cave
 21257 | IceCv    | Reached XP level 15. HP: 147/147 MP: 11/24
 21334 | IceCv    | Identified the +1 plate armour "Jazah" {rN+}
 22384 | Lair:4   | Noticed Rupert
 22401 | Lair:4   | Killed Rupert
 23276 | Lair:5   | Entered Level 5 of the Lair of Beasts
 23389 | Lair:5   | Reached skill level 1 in Evocations
 23458 | Lair:5   | Found a staircase to the Slime Pits.
 23459 | Lair:5   | Found a viscous altar of Jiyva.
 24103 | Lair:5   | Reached skill level 5 in Evocations
 25018 | Lair:5   | Reached XP level 16. HP: 156/156 MP: 11/25
 25427 | Swamp:1  | Entered Level 1 of the Swamp
 26046 | Swamp:1  | Reached skill level 10 in Dodging
 26108 | Lair:3   | Reached skill level 18 in Fighting
 26118 | Swamp:1  | Identified the serpent talisman "Nataxkaf" {rC+ Int+5
                  | Slay+3}
 26118 | Swamp:1  | Noticed Aizul
 26190 | Lair:3   | Killed Aizul
 28358 | Swamp:2  | Noticed Kirke
 28571 | Swamp:2  | Noticed Roxanne
 28598 | Swamp:2  | Killed Roxanne
 29397 | Swamp:2  | Killed Kirke
 29965 | Swamp:3  | Noticed a tentacled monstrosity
 29979 | Swamp:3  | Killed a tentacled monstrosity
 30957 | Swamp:3  | Reached skill level 19 in Fighting
 31232 | Swamp:3  | Noticed Jorgrun
 31242 | Swamp:3  | Killed Jorgrun
 31459 | Swamp:4  | Entered Level 4 of the Swamp
 31614 | Swamp:4  | Reached XP level 17. HP: 146/168 MP: 11/26
 31635 | Swamp:4  | Noticed a tentacled monstrosity
 31652 | Swamp:4  | Killed a tentacled monstrosity
 32750 | Swamp:3  | Reached skill level 10 in Evocations
 32929 | Swamp:4  | Noticed Mlioglotl
 33103 | Swamp:4  | Paralysed by accursed screaming for 1 turns
 33921 | D:13     | Found a radiant altar of Vehumet.
 34367 | D:13     | Found a gate to the Vaults.
 34565 | D:14     | Found a hazy altar of Hepliaklqana.
 34668 | D:14     | Found a white marble altar of Elyvilon.
 34998 | D:14     | Noticed Louise
 35016 | D:14     | Killed Louise
 35128 | D:15     | Entered Level 15 of the Dungeon
 35128 | D:15     | Noticed Agnes
 35137 | D:15     | Killed Agnes
 35407 | D:15     | Found a portal to a secret trove of treasure.
 35653 | D:15     | Reached skill level 5 in Shields
 35710 | D:15     | Identified the +2 ring mail "Ennaexix" {rC- Int+5}
 36034 | D:15     | Found a staircase to the Depths.
 36277 | Orc:2    | Bought a potion of cancellation for 112 gold pieces
 36807 | D:15     | Identified the +5 flail of Poverty {heavy, Int+5}
 36933 | Depths:1 | Entered Level 1 of the Depths
 36934 | Depths:1 | Noticed a lich
 36953 | Depths:1 | Killed a lich
 37253 | D:15     | Reached XP level 18. HP: 148/178 MP: 12/27
 37737 | D:15     | Reached skill level 10 in Shields
 38232 | Depths:1 | Found a gateway to Hell.
 38827 | Depths:1 | Noticed Mara
 38858 | Depths:1 | Killed Mara
 39846 | Depths:2 | Found a one-way gate to the infinite horrors of the Abyss.
 40061 | Depths:2 | Hit by a large rock thrown by a stone giant

Illustrated notes

Levels and vault maps discovered:
D:1:      ncdulo_watergridlock, layout_loops_ring
D:2:      layout_loops_cross, st_stairs_4, minmay_tree_intersection
D:3:      layout_rooms, demons_altar, chequers_ecumenical_altar_simple_redux
D:4:      layout_loops_corners, good_gods_temple_1, lemuel_flame_loot_1
D:5:      layout_rooms, gammafunk_ghost_cemetery, minmay_misc_feat_more_columns,
          minmay_fractal_squares_gapless_5
D:6:      hellmonk_destroyed_diamonds, layout_rooms, minmay_temple_entry_ruins
D:7:      layout_rooms, mainiacjoe_overflow_small_starburst
D:8:      layout_loops_ring, chequers_temple_overflow_statue_of_worship,
          mainiacjoe_overflow_brackets, minmay_splitting_lines
D:9:      layout_small_grid, erik_lair_island, minmay_orc_entry_guard_dogs,
          hellmonk_guarded_unrand_vitality_bloodlust
D:10:     layout_gridville, minmay_misc_feat_diagonals,
          nicolae_shop_sticking_my_neck_out, uniq_snorg, uniq_fannar
D:11:     layout_basic
D:12:     layout_irregular_city
D:13:     layout_cross, david_vaults_1, fiery_altar_vehumet
D:14:     layout_gridville, elyvilon_altar_1, hangedman_abyss_or_decor_passed,
          nicolae_hepliaklqana_hazy_memory, uniq_louise
D:15:     gammafunk_enter_depths_forms, layout_irregular_city,
          dk_noncrumbling_3, enter_trove_0, uniq_agnes
Lair:1:   layout_misc_corridors, beast_lair_carwin_8, grunt_megastairs_4
Lair:2:   layout_regular_city, minmay_snake_entry_guardpost_small, serial_bayou,
          serial_bayou_crossing, serial_bayou_pond_d, serial_bayou_shore_b,
          serial_bayou_lake_a, serial_bayou_ford_a,
          nicolae_volcano_entry_vermiform, beast_lair_carwin_2, uniq_amaemon
Lair:3:   layout_hall_layers, nicolae_swamp_entry_splash_gauntlet,
          grunt_megastairs_3
Lair:4:   layout_hall_layers, portal_ice_cave_entry_imps, hibernation_bobbens,
          uniq_rupert
Lair:5:   minmay_lair_end_frog_pond, layout_layer_cave, slime_entry_1,
          minmay_hedge_maze
Swamp:1:  layout_basic_swamp, hangedman_swamp_ruin_wall,
          hangedman_swamp_ravenous, infiniplex_staircase_pool_2, uniq_aizul
Swamp:2:  layout_basic_swamp, nicolae_swamp_well_well_well, swamp_pool_1_2,
          uniq_kirke, uniq_roxanne
Swamp:3:  layout_basic_swamp, evilmike_swamp_ruin_house_5,
          nicolae_swamp_spooky_pond, uniq_jorgrun
Swamp:4:  swamp_alternative, layout_basic_swamp, swamp_pool_1_2, uniq_mlioglotl
Orc:1:    layout_diamond_mine, uniq_harold
Orc:2:    pf_orc_diabolical, layout_diamond_mine, gauntlet_entry_generic,
          nicolae_orc_lava_room
Depths:1: layout_cave_pools, nrook_mini_vaults, pf_hell_entry_great_geh,
          minmay_misc_feat_tower, kennysheep_pointless_box, minivault_11,
          minmay_starry_boxes, uniq_mara
Depths:2: minmay_sliced_demisemicircle, layout_honeycomb, enter_ziggurat_e,
          hangedman_abyss_entry_splay, hell_entry, grunt_pan_entry_sceptre,
          infiniplex_staircase_9_rooms

Skill      XL: |  1  2  3  4  5  6  7  8  9 10 11 12 13 14 15 16 17 18 |
---------------+-------------------------------------------------------+-----
Axes           | 3 4 |  4.2
Maces & Flails | 2 4 6 7 10 11 | 11.8
Fighting       | 4 7 9 11 12 13 15 17 19 | 19.9
Dodging        | 4 6 7 9 11 | 11.2
Invocations    | 4 6 7 9 11 14 | 14.6
Armour         | 5 12 13 15 16 17 18 | 18.8
Evocations     | 7 9 11 | 11.2
Shields        | 8 14 | 14.5

Action                     |  1- 3 |  4- 6 |  7- 9 | 10-12 | 13-15 | 16-18 || total
---------------------------+-------+-------+-------+-------+-------+-------++-------
  Melee: War axe           |    52 |       |       |       |       |       ||    52
         Headbutt          |    12 |    13 |    32 |    67 |   393 |   441 ||   958
         Demon whip        |    40 |    74 |   220 |   322 |  1400 |  1564 ||  3620
  Throw: Dart              |       |       |       |     5 |     6 |     2 ||    13
         Throwing net      |       |       |       |     1 |       |       ||     1
         Boomerang         |       |       |       |     3 |       |     5 ||     8
 Invoke: Lesser Servant of |       |       |     1 |     3 |     3 |     1 ||     8
         Major Destruction |       |       |       |     4 |     5 |    13 ||    22
         Greater Servant o |       |       |       |       |     2 |     6 ||     8
         Minor Destruction |       |       |       |       |       |     3 ||     3
  Evoke: Wand              |       |       |     2 |     3 |       |    10 ||    15
         Tin of tremorston |       |       |       |     1 |       |     2 ||     3
    Use: Scroll            |     5 |     4 |     4 |     8 |    14 |     3 ||    38
         Potion            |       |       |     1 |     1 |     6 |     7 ||    15
   Stab: Held in net/web   |       |       |       |     1 |       |       ||     1
         Distracted        |       |       |       |     1 |     1 |     2 ||     4
 Armour: Scale mail        |    46 |    42 |    33 |       |       |       ||   121
         Plate armour      |       |       |    79 |   196 |   603 |   944 ||  1822
  Dodge: Dodged            |    40 |    36 |    55 |    63 |   428 |   625 ||  1247
         Repelled          |       |       |       |       |     7 |    21 ||    28
  Block: Buckler           |    16 |    15 |    95 |   115 |   421 |   342 ||  1004
         Reflection        |       |       |    10 |    10 |    11 |    35 ||    66
         Tower shield      |       |       |       |       |       |   483 ||   483

Table legend: (Time is in decaauts)
 A = Elapsed time spent in this place.
 B = Non-inter-level travel time spent in this place.
 C = Inter-level travel time spent in this place.
 D = Time resting spent in this place.
 E = Time spent auto-exploring this place.
 F = Levels seen in this place.
 G = Mean time per level.
                   A        B        C        D        E       F      G
               +--------+--------+--------+--------+--------+-----+--------+
         Total |  38659 |  35025 |   3634 |  11473 |  14263 |  31 | 1247.1 |
       Dungeon |  17853 |  15897 |   1956 |   4340 |   7883 |  15 | 1190.2 |
          Lair |   8465 |   7649 |    816 |   2858 |   3018 |   5 | 1693.0 |
         Swamp |   5916 |   5469 |    447 |   2416 |   1413 |   4 | 1479.0 |
  Orcish Mines |   2013 |   1761 |    252 |    475 |    692 |   2 | 1006.5 |
        Depths |   2057 |   1894 |    163 |    559 |    682 |   2 | 1028.5 |
      Ice Cave |    951 |    951 |      0 |    181 |    329 |   1 |  951.0 |
       Volcano |    698 |    698 |      0 |    378 |     29 |   1 |  698.0 |
      Gauntlet |    703 |    703 |      0 |    265 |    217 |   1 |  703.0 |
               +--------+--------+--------+--------+--------+-----+--------+

Top non-repeatable levels by time:
 Swamp:3: 2864 daAuts
  Lair:3: 2711 daAuts
     D:9: 2463 daAuts
    D:15: 2289 daAuts
    D:10: 1892 daAuts
  Lair:5: 1809 daAuts
   Orc:2: 1570 daAuts
  Lair:4: 1559 daAuts
Depths:1: 1545 daAuts
     D:8: 1502 daAuts
    D:11: 1415 daAuts
  Lair:2: 1383 daAuts
 Swamp:1: 1353 daAuts
    D:12: 1297 daAuts
     D:4: 1259 daAuts
